Map: King's Cove LE

Players

DionJnD

  • Race: Zerg Zerg
  • League: Master
  • Spawn Location: 5:00

MamaLaMacro - Winner!

  • Race: Protoss Protoss
  • League: Master
  • Spawn Location: 11:00

VOD

https://www.youtube.com/watch?v=rYCbGBjNtAc&feature=youtu.be

Description

Time

  • Played on: March 25, 2019, 9 p.m.
  • Length: 5:24
Show
View Real Time Build Order
Export as new Build Order

DionJnD Zerg 

Build Orders: Hatch First 

Get SALT Encoding   

  12  0:00  Drone  
  13  0:08  Drone  
  14  0:17  Overlord  
  14  0:41  Hatchery  
  13  0:45  Drone  
  13  0:49  Drone  
  15  0:52  Drone  
  16  1:12  Spawning Pool  
  15  1:27  Drone  
  15  1:28  Drone x2, Extractor  
  18  1:49  Hatchery  
  18  1:53  Overlord  
  17  1:58  Queen  
  17  1:59  Zergling x2  
  20  2:11  Zergling x2  
  20  2:12  Zergling x2  
  22  2:37  Lair  
  22  2:49  Roach Warren  
  22  2:50  Extractor  
  21  3:05  Drone x2  
  22  3:06  Hatchery, Overlord  
  21  3:43  Roach x6  
  33  3:49  Queen  
  31  4:23  Roach x4  
  26  4:38  Roach  
  26  4:42  Roach x2  
  26  5:00  Roach  
Show
View Real Time Build Order
Export as new Build Order

MamaLaMacro Protoss - Winner!

Build Orders:  

Get SALT Encoding   

  12  0:00  Probe  
  13  0:15  Pylon  
  13  0:18  Probe  
  14  0:30  Probe  
  15  0:36  Forge  
  15  0:42  Probe  
  16  0:57  Pylon  
  16  1:13  Pylon  
  16  1:15  Pylon x2  
  16  1:19  Photon Cannon  
  16  1:30  Photon Cannon  
  16  1:38  Gateway  
  16  1:40  Probe  
  16  1:46  Assimilator  
  17  1:51  Assimilator  
  17  1:54  Probe  
  18  2:07  Probe  
  19  2:19  Probe  
  20  2:25  Cybernetics Core  
  20  2:31  Probe  
  20  2:34  Gateway  
  21  2:45  Probe  
  22  2:51  Pylon  
  22  2:54  Stalker  
  24  3:11  Stalker  
  23  3:14  Stalker  
  23  3:19  Photon Cannon  
  23  3:24  Shield Battery  
  27  3:33  Pylon  
  27  3:35  Stalker  
  27  3:46  Stalker  
  31  3:53  Shield Battery  
  31  4:00  Shield Battery  
  31  4:12  Shield Battery x2  
  31  4:16  Stalker  
  31  4:17  Shield Battery  
  31  4:19  Shield Battery  
  32  4:30  Stalker  
  34  4:43  Stalker  
  34  4:55  Shield Battery  
  34  4:56  Shield Battery  
Tags
 
Add a new tag
Caveats
  • Supply blocks, unpowered buildings, or Contaminate may cause inaccurate times.
  • Supply counts are checked every 10 seconds.